 Dungeon Crawl Stone Soup version 0.31-a0-267-g3fc6992b3b (webtiles) character file.

Game seed: 8522615633584952103

161 qw the Shooter (level 5, -1/31 HPs)
             Began as a Gargoyle Hexslinger on July 13, 2023.
             Slain by a wight
             ... wielding a +0 scimitar
              (3 damage)
             ... on level 4 of the Dungeon.
             The game lasted 00:01:03 (2593 turns).

qw the Shooter (Gargoyle Hexslinger)                Turns: 2593, Time: 00:01:03

Health: -1/31      AC: 11    Str: 12    XL:     5   Next: 42%
Magic:  6/6        EV: 10    Int: 13    God:
Gold:   185        SH:  0    Dex: 14    Spells: 5/6 levels left

rFire   . . .        Y - +2 sling
rCold   . . .        (no shield)
rNeg    + . .        d - +0 ring mail
rPois   inf          (no helmet)
rElec   +            (no cloak)
rCorr   +            (no gloves)
SInv    .            o - +1 pair of boots
Will    .....        (no amulet)
Stlth   +            j - ring of resist corrosion
HPRegen 0.25/turn    (no ring)
MPRegen 0.10/turn

%: no passive effects
@: no status effects
A: sickness immunity, AC +4, negative energy resistance 1, electricity
resistance, torment resistance 1, petrification resistance
a: no special abilities


You were on level 4 of the Dungeon.
You visited 1 branch of the dungeon, and saw 4 of its levels.

You collected 185 gold pieces.


Innate Abilities, Weirdness & Mutations

You are immune to sickness and miasma.
Your stone body is resilient. (AC +4)
You are immune to poison.
You resist negative energy. (rN+)
You are resistant to electric shocks. (rElec)
You are resistant to unholy torment.
You are immune to petrification.


   Skills:
 - Level 2.3 Fighting
 - Level 5.0 Ranged Weapons
 + Level 0.6 Armour
 - Level 1.5 Dodging
 - Level 1.0 Spellcasting
 - Level 2.6 Hexes


You had 5 spell levels left.
You knew the following spells:

 Your Spells              Type           Power      Damage    Failure   Level
a - Slow                  Hex            28%        N/A       22%         1

Your spell library contained the following spells:

 Spells                   Type           Power      Damage    Failure   Level
 Inner Flame              Hex/Fire       4%         N/A       73%         3
 Portal Projectile        Hex/Tloc       8%         N/A       73%         3
 Cause Fear               Hex            3%         N/A       91%         4

Inventory:

Hand Weapons
 Y - a +2 sling (weapon)
Armour
 d - a +0 ring mail (worn)
 o - a +1 pair of boots (worn)
Jewellery
 j - a ring of resist corrosion (left hand)
Scrolls
 a - a scroll of identify
Potions
 b - 4 potions of curing
 g - a potion of lignification {unknown}
 i - a potion of haste {unknown}
 k - a potion of might
 n - a potion of enlightenment {unknown}

Dungeon Overview and Level Annotations

Branches:
Dungeon (4/15)
 Temple: D:4-7

Altars:
Kikubaaqudgha
Vehumet

Annotations:
D:3 1 runed translucent door, Crazy Yiuf


Message History

The sling bullet closely misses the wight.
You shoot a sling bullet.
The sling bullet hits the wight but does no damage.
You shoot a sling bullet.
The sling bullet hits the wight but does no damage.
You shoot a sling bullet. The sling bullet hits the wight.
The wight is lightly damaged.
The wight hits you with a +0 scimitar.
You shoot a sling bullet.
The sling bullet completely misses the wight.
The wight hits you but does no damage.
You shoot a sling bullet. The sling bullet hits the wight.
The wight is moderately damaged.
The wight hits you with a +0 scimitar.
You shoot a sling bullet.
The sling bullet barely misses the wight.
The wight closely misses you. The wight barely misses you.
You shoot a sling bullet. The sling bullet hits the wight.
The wight is heavily damaged.
The wight hits you with a +0 scimitar!
You shoot a sling bullet. The sling bullet hits the wight.
The wight is severely damaged.
The wight barely misses you.
You shoot a sling bullet.
The sling bullet hits the wight but does no damage.
The wight is severely damaged.
The wight hits you with a +0 scimitar.
You shoot a sling bullet.
The sling bullet hits the wight but does no damage.
The wight is severely damaged.
You feel a little less mighty now.
The wight hits you with a +0 scimitar! x2
You shoot a sling bullet. The sling bullet hits the wight.
The wight is almost destroyed.
The wight hits you but does no damage.
You shoot a sling bullet.
The sling bullet hits the wight but does no damage.
The wight is almost destroyed.
The wight hits you with a +0 scimitar.
You die...

# #.#.#..# #
#.#.#..# .. #
###.#.#..##.. #
..$.......... #
.......... ######
......# #.####...%.
#z..# #..........
#@..#########.####
.####?............#
.........###########
.........#
..######## .


You could see a wight.

Vanquished Creatures
  A bullfrog (D:3)
  3 adders
  2 dart slugs (D:1)
  An orc (D:3)
  3 ball pythons
  6 endoplasms
  3 giant cockroaches
  5 goblins
  8 hobgoblins
  7 jackals
  8 bats
  2 frilled lizards (D:1)
  7 kobolds
  4 rats
60 creatures vanquished.

Notes
Turn   | Place    | Note
-------+----------+-------------------------------------------
     0 | D:1      | qw the Gargoyle Hexslinger began the quest for the Orb.
     0 | D:1      | Reached XP level 1. HP: 12/12 MP: 2/2
     0 | D:1      | 0 ||| qw: Version: 0.3-a-52-g30416fa
     0 | D:1      | 0 ||| qw: Game counter: 7708
     0 | D:1      | 0 ||| qw: Melee chars always use a shield: true
     0 | D:1      | 0 ||| qw: God list: Okawaru
     0 | D:1      | 0 ||| qw: Allow faded altars: false
     0 | D:1      | 0 ||| qw: Do Orc after clearing Dungeon:15 true
     0 | D:1      | 0 ||| qw: Do second Lair branch before Depths: true
     0 | D:1      | 0 ||| qw: Lair rune preference: random
     0 | D:1      | 0 ||| qw: Goals: Normal
     0 | D:1      | 0 ||| PLANNING D:1-11
   150 | D:1      | 150 ||| FLEEEEING.
   151 | D:1      | 151 ||| FLEEEEING.
   152 | D:1      | 152 ||| FLEEEEING.
   153 | D:1      | 153 ||| FLEEEEING.
   154 | D:1      | 154 ||| FLEEEEING.
   159 | D:1      | Reached XP level 2. HP: 16/16 MP: 3/3
   243 | D:1      | 243 ||| DROPPING scroll of poison.
   253 | D:1      | Reached skill level 3 in Ranged Weapons
   378 | D:1      | Reached XP level 3. HP: 21/21 MP: 4/4
   785 | D:1      | 785 ||| READING scroll labelled QOGIESSAILUI.
   786 | D:1      | 786 ||| READING scroll labelled XUUME PINIAXT.
   787 | D:1      | 787 ||| DRINKING 3 pink potions.
   961 | D:2      | Reached XP level 4. HP: 26/26 MP: 5/5
  1114 | D:2      | Reached skill level 4 in Ranged Weapons
  1559 | D:2      | 1559 ||| UPGRADING to +0 leather armour.
  1569 | D:2      | 1569 ||| DROPPING +0 robe.
  1570 | D:2      | 1570 ||| DRINKING 2 glowing silvery potions.
  1571 | D:2      | 1571 ||| READING 3 scrolls of identify.
  1571 | D:2      | 1571 ||| IDENTIFYING bubbling red potion
  1572 | D:2      | 1572 ||| READING 2 scrolls of identify.
  1572 | D:2      | 1572 ||| IDENTIFYING yellow potion
  1573 | D:2      | 1573 ||| DROPPING potion of magic.
  1574 | D:2      | 1574 ||| DROPPING potion of brilliance.
  1575 | D:2      | 1575 ||| DROPPING potion of invisibility.
  1733 | D:3      | Identified the +8 rapier "Gargoyle's Death" {protect, Will+
                  | Int+5}
  1768 | D:3      | Noticed a bullfrog
  1778 | D:3      | Killed a bullfrog
  1779 | D:3      | Reached skill level 5 in Ranged Weapons
  1779 | D:3      | Reached XP level 5. HP: 17/30 MP: 6/6
  2204 | D:3      | Found a runed translucent door.
  2205 | D:3      | Noticed Crazy Yiuf
  2285 | D:3      | Found a radiant altar of Vehumet.
  2285 | D:3      | Found an ancient bone altar of Kikubaaqudgha.
  2456 | D:3      | 2456 ||| UPGRADING to +0 ring mail.
  2466 | D:3      | 2466 ||| DROPPING +0 leather armour.
  2467 | D:3      | 2467 ||| UPGRADING to +0 pair of boots.
  2472 | D:3      | 2472 ||| UPGRADING to ring of resist corrosion.
  2473 | D:3      | 2473 ||| READING scroll labelled FEC DIAR XAA.
  2529 | D:3      | 2529 ||| READING scroll labelled BAGRUM TU IQEIRAOC.
  2530 | D:3      | 2530 ||| READING scroll labelled IGUORES USETRU.
  2531 | D:3      | 2531 ||| READING scroll labelled EROVU VUPINT.
  2532 | D:3      | 2532 ||| READING scroll labelled HAZUNI OSINUEN.
  2533 | D:3      | 2533 ||| READING scroll labelled ALLAEMAJAF.
  2534 | D:3      | 2534 ||| DRINKING 2 golden potions.
  2572 | D:4      | 2572 ||| READING scroll of enchant armour.
  2572 | D:4      | 2572 ||| ENCHANTING +0 pair of boots.
  2591 | D:4      | HP: 1/31 [wight/+0 scimitar (8)]
  2593 | D:4      | Slain by a wight

Levels and vault maps discovered:
D:1:      dpeg_cavernosity, layout_rooms, minmay_tree_intersection,
          hangedman_glass_garden, minmay_ruptured
D:2:      layout_basic
D:3:      layout_loops_ring, gammafunk_temple_overflow_elements, minivault_25,
          uniq_crazy_yiuf_cottage
D:4:      layout_loops_ring, minmay_temple_entry_antechambers

Skill      XL: |  1  2  3  4 |
---------------+-------------+-----
Ranged Weapons | 3 5 |  5.0
Fighting       | 2 |  2.3
Armour         | |  0.6
Dodging        | |  1.5
Spellcasting   | |  1.0
Hexes          | |  2.6

Action                     |  1- 3 |  4- 6 || total
---------------------------+-------+-------++-------
   Fire: Sling             |   123 |    97 ||   220
    Use: Scroll            |     2 |     9 ||    11
         Potion            |     1 |     2 ||     3
 Armour: Robe              |    24 |     1 ||    25
         Leather armour    |       |    13 ||    13
         Ring mail         |       |     2 ||     2
  Dodge: Dodged            |    40 |    28 ||    68

Table legend:
 A = Non-vault XP
 B = Vault XP
 C = Vault XP percentage of total XP
 D = Non-vault monster count
 E = Vault monster count
 F = Vault count percentage of total count
                 A         B        C        D         E       F
            +---------+---------+-------+---------+---------+-------
      Total |     218 |      12 |   5.2 |      53 |       7 |  11.7
            +---------+---------+-------+---------+---------+-------
        D:1 |      52 |      12 |  18.8 |      29 |       7 |  19.4
        D:2 |      31 |       0 |   0.0 |      11 |       0 |   0.0
        D:3 |     122 |       0 |   0.0 |      12 |       0 |   0.0
        D:4 |      13 |       0 |   0.0 |       1 |       0 |   0.0
            +---------+---------+-------+---------+---------+-------
